 Dungeon Crawl Stone Soup version 0.27.1-34-g3ba077fa99 (webtiles) character file.

Game seed: 11699824692357069608

45 eruditious the Skirmisher (level 3, -6/33 HPs)
             Began as a Hill Orc Fighter on Jan 4, 2022.
             Mangled by a gnoll (12 damage)
             ... on level 3 of the Dungeon.
             The game lasted 00:05:44 (2002 turns).

eruditious the Skirmisher (Hill Orc Fighter)        Turns: 2002, Time: 00:05:44

Health: -6/33      AC: 10    Str: 18    XL:     3   Next: 64%
Magic:  3/3        EV:  5    Int:  9    God:
Gold:   40         SH:  9    Dex: 10    Spells: 2/2 levels left

rFire    . . .     SeeInvis .   a - +0 war axe
rCold    . . .     Faith    .   c - +0 kite shield
rNeg     . . .     Spirit   .   h - +0 chain mail
rPois    .         Reflect  .   k - +0 helmet
rElec    .         Harm     .   (no cloak)
rCorr    .         Rampage  .   (no gloves)
Will     .....                  (no boots)
Stlth    ..........             (no amulet)
HPRegen  0.11/turn              (no ring)
MPRegen  0.08/turn              (no ring)

@: no status effects
A: no striking features
a: no special abilities


You were on level 3 of the Dungeon.
You visited 1 branch of the dungeon, and saw 3 of its levels.

You collected 40 gold pieces.

Inventory:

Hand Weapons
 a - a +0 war axe (weapon)
 g - a +2 antimagic whip
 o - a +0 hunting sling
Missiles
 e - 68 stones (quivered)
 l - 23 bolts
Armour
 c - a +0 kite shield (worn)
 h - a +0 chain mail (worn)
 k - a +0 helmet (worn)
Scrolls
 b - a scroll of enchant armour {unknown}
 f - a scroll of fog {unknown}
 j - a scroll of identify {unknown}
 n - a scroll of teleportation {unknown}
Potions
 d - 2 potions of might
 i - a potion of mutation {unknown}
 m - a potion of haste {unknown}


   Skills:
 + Level 4.1 Fighting
 + Level 3.4 Axes
 + Level 3.8 Armour
 + Level 3.8 Shields


You had 2 spell levels left.
You didn't know any spells.
Your spell library contained the following spells:

 Spells                   Type           Power      Damage    Failure   Level
 Foxfire                  Conj/Fire      0%         2x1d4     100%        1
 Conjure Flame            Conj/Fire      0%         6-21      100%        3
 Inner Flame              Hex/Fire       0%         N/A       100%        3


Dungeon Overview and Level Annotations

Branches:
Dungeon (3/15)

Altars:
Ashenzari
Qazlal


Message History

The gnoll barely misses you. The gnoll completely misses you.
The gnoll hits you but does no damage.
You slash the gnoll!
You kill the gnoll!
You block the gnoll's attack.
The gnoll hits you from afar with a +0 halberd.
The gnoll hits you from afar with a +0 halberd.
The gnoll hits you with a +0 halberd!
You see here a +0 flail.
You barely miss the gnoll.
The gnoll shouts!
The gnoll hits you from afar with a +0 halberd!
* * * LOW HITPOINT WARNING * * *
You block the gnoll's attack.
The gnoll hits you from afar with a +0 halberd.
* * * LOW HITPOINT WARNING * * *
You block the gnoll's attack. You block the gnoll's attack.
There is an open door here.
A ball python comes into view.
The ball python hisses angrily.
You barely miss the ball python. The ball python barely misses you.
The ball python grabs you. The ball python constricts you.
The gnoll hits you from afar with a +0 halberd.
* * * LOW HITPOINT WARNING * * *
You block the ball python's attack. The ball python constricts you.
* * * LOW HITPOINT WARNING * * *
You closely miss the ball python. You block the ball python's attack.
The ball python constricts you. You block the gnoll's attack.
The ball python bites you but does no damage.
The ball python constricts you.
The gnoll hits you from afar with a +0 halberd.
* * * LOW HITPOINT WARNING * * *
You hit the ball python.
You kill the ball python!
The gnoll hits you but does no damage. You block the gnoll's attack.
You see here a ball python corpse.
There is a stone staircase leading up here.
The gnoll hits you from afar with a +0 halberd!
You die...

### #.#########
#...†.....#
#.#######.# #.# #.#
#.# #.# #.#
#.#########
#.#######.........#
#...@.gg.g........###
########..........#.g
#..#.#######.#
#.##.#.gg..#g#
#.##†#.#.#.#.#
#.##.g.#.#...#
#.######.##### ...
#.# #.#


You could see 3 gnolls.

Vanquished Creatures
  A gnoll (D:3)
  A dart slug (D:1)
  4 ball pythons
  4 endoplasms
  A giant cockroach (D:2)
  A goblin (D:2)
  A hobgoblin (D:1)
  2 jackals (D:3)
  2 quokkas
  5 bats
  2 frilled lizards (D:1)
  4 kobolds (D:1)
  3 rats
31 creatures vanquished.

Vanquished Creatures (others)
  28 fungi (D:3)
  6 plants
34 creatures vanquished.

Grand Total: 65 creatures vanquished

Notes
Turn   | Place    | Note
-------+----------+-------------------------------------------
     0 | D:1      | eruditious the Hill Orc Fighter began the quest for the
                  | Orb.
     0 | D:1      | Reached XP level 1. HP: 19/19 MP: 1/1
   292 | D:1      | Reached XP level 2. HP: 27/27 MP: 2/2
   840 | D:1      | Reached skill level 4 in Fighting
   893 | D:1      | Reached XP level 3. HP: 33/33 MP: 3/3
  1014 | D:2      | Found a stormy altar of Qazlal.
  1304 | D:2      | Found a faded altar of an unknown god.
  1930 | D:3      | Found a broken altar of Ashenzari.
  2002 | D:3      | Mangled by a gnoll

Illustrated notes

Levels and vault maps discovered:
D:1:      saegor_arrival_simple_d, layout_basic, serial_bayou_pond_a
D:2:      layout_loops_ring, hellmonk_ecumenical_altar_lost_god, basic_altar
D:3:      layout_basic, mainiacjoe_overflow_cross_hatched,
          palyth_stone_intersect, minmay_misc_feat_ornament, serial_bayou_pond_d

Skill      XL: |  1  2 |
---------------+-------+-----
Axes           | 3 |  3.4
Fighting       | 4 |  4.1
Armour         | |  3.8
Shields        | |  3.8

Action                   || total
-------------------------++-------
Melee: War axe           ||    86
Throw: Stone             ||    12
Armor: Scale mail        ||    23
       Chain mail        ||    18
Dodge: Dodged            ||    36
Block: Kite shield       ||    59
